 Dungeon Crawl Stone Soup version 0.25-a0-665-ga69d64035b (webtiles) character file.

Game seed: 1931617075420201252, levelgen mode: deterministic

60 kae the Firebug (level 4, 0/24 HPs)
             Began as a Tengu Fire Elementalist on Mar 26, 2020.
             Was an Initiate of Zin.
             Succumbed to an adder's poison
             ... on level 2 of the Dungeon.
             The game lasted 00:01:28 (1128 turns).

kae the Firebug (Tengu Fire Elementalist)           Turns: 1128, Time: 00:01:29

Health: 0/24       AC:  2    Str:  8    XL:     4   Next: 4%
Magic:  8/8        EV: 13    Int: 16    God:    Zin [......]
Gold:   68         SH:  0    Dex: 15    Spells: 7/8 levels left

rFire    . . .     SeeInvis .   (no weapon)
rCold    . . .     Gourm    .   (no shield)
rNeg     . . .     Faith    .   a - +0 robe
rPois    .         Spirit   .   (helmet restricted)
rElec    .         Reflect  .   (no cloak)
rCorr    .         Harm     .   (no gloves)
MR       .....                  (boots unavailable)
Stlth    ++........             (no amulet)
HPRegen  0.08/turn              (no ring)
MPRegen  0.11/turn              (no ring)

@: mighty, lethally poisoned (0 -> -4), hasted, very quick
A: beak, talons 3
a: Donate Gold, Renounce Religion


You were on level 2 of the Dungeon.
You worshipped Zin.
Zin was noncommittal.
You were not hungry.

You visited 1 branch of the dungeon, and saw 2 of its levels.

You collected 75 gold pieces.
You donated 7 gold pieces to Zin.

Inventory:

Armour
 a - a +0 robe (worn)
Scrolls
 b - a scroll of teleportation
 e - a scroll of enchant armour {unknown}
Comestibles
 c - 2 rations


   Skills:
 - Level 2.1 Dodging
 - Level 2.0 Stealth
 + Level 2.6 Spellcasting
 - Level 2.0 Conjurations
 * Level 4.6 Fire Magic


You had 7 spell levels left.
You knew the following spells:

 Your Spells              Type           Power        Failure   Level  Hunger
a - Foxfire               Conj/Fire      ##..         4%          1    #......

Your spell library contained the following spells:

 Spells                   Type           Power        Failure   Level  Hunger
 Conjure Flame            Conj/Fire      ##......     16%         3    ###....
 Inner Flame              Hex/Fire       #.......     22%         3    ###....
 Sticky Flame             Conj/Fire      ##......     45%         4    #####..
 Fireball                 Conj/Fire      ##........   80%         5    ######.


Dungeon Overview and Level Annotations

Branches:
Dungeon (2/15)

Altars:
Ashenzari
Okawaru
Ru
Uskayaw
Xom
Yredelemnul
Zin
The Shining One


Innate Abilities, Weirdness & Mutations

You have a beak for a mouth.
You have claws for feet.


Message History

You feel sick.
There is a lethal amount of poison in your body!
Found 21 stones.
You see here an adder corpse.
* * * LOW HITPOINT WARNING * * *
You feel sick.
There is a hide-covered altar of Uskayaw here.
* * * LOW HITPOINT WARNING * * *
You feel sick.
There is a glowing silver altar of Zin here.
You kneel at the altar of Zin.
Zin welcomes you!
You pay a tithe of 7 gold.
You can now donate money to Zin.
Okay, then.
Unknown command.
Press < or > to pray at altars.
Do you wish to donate half of your money?
Okay, then.
You die...

## .### .#
###...##.#
#........#
##.@..._..#
#.(.....$.#
#._..⌠.._.# #
#.........# #.
##._..._..#
#..###..._.....
#...##†.†....#
#...)....###
###...##†###


There were no monsters in sight!

Vanquished Creatures
  3 adders (D:2)
  3 dart slugs
  A leopard gecko (D:1)
  4 bats
  3 giant cockroaches
  2 goblins
  2 hobgoblins (D:1)
  3 frilled lizards
  2 kobolds
  7 rats
30 creatures vanquished.

Vanquished Creatures (others)
  71 foxfires
71 creatures vanquished.

Grand Total: 101 creatures vanquished

Notes
Turn   | Place    | Note
-------+----------+-------------------------------------------
     0 | D:1      | kae the Tengu Fire Elementalist began the quest for the
                  | Orb.
     0 | D:1      | Reached XP level 1. HP: 10/10 MP: 4/4
    90 | D:1      | Reached XP level 2. HP: 2/15 MP: 4/6
   460 | D:1      | Found a shimmering altar of Xom.
   783 | D:1      | Reached skill level 4 in Fire Magic
  1005 | D:2      | Reached XP level 3. HP: 19/19 MP: 4/7
  1074 | D:2      | Found a glowing golden altar of the Shining One.
  1074 | D:2      | Found a shattered altar of Ashenzari.
  1101 | D:2      | Found a hide-covered altar of Uskayaw.
  1102 | D:2      | Found an iron altar of Okawaru.
  1102 | D:2      | Found a basalt altar of Yredelemnul.
  1106 | D:2      | Found a glowing silver altar of Zin.
  1106 | D:2      | Found a sacrificial altar of Ru.
  1116 | D:2      | Reached XP level 4. HP: 5/24 MP: 1/8
  1124 | D:2      | HP: 1/24 [poisoned by an adder]
  1127 | D:2      | Became a worshipper of Zin the Law-Giver
  1128 | D:2      | Succumbed to an adder's poison

Levels and vault maps discovered:
D:1:      dpeg_arrival_rooms_a, layout_loops_ring,
          chequers_serial_rivers_small_3, xom_teletrap_fun
D:2:      layout_loops_ring, grunt_dithmenos_smoke, grunt_temple_overflow_open

Skill      XL: |  1  2 |
---------------+-------+-----
Conjurations   | 2 |  2.0
Fire Magic     | 4 |  4.6
Dodging        | |  2.1
Stealth        | |  2.0
Spellcasting   | |  2.6

Action                   |  1- 3 |  4- 6 || total
-------------------------+-------+-------++-------
Melee: Unarmed           |    11 |       ||    11
       Kick              |     3 |       ||     3
       Peck              |     2 |       ||     2
 Cast: Foxfire           |    42 |       ||    42
Invok: Donate Gold       |       |     1 ||     1
  Use: Scroll            |     4 |       ||     4
       Potion            |       |     3 ||     3
  Eat: Chunk             |     1 |       ||     1
Armor: Robe              |    11 |       ||    11
Dodge: Dodged            |    26 |       ||    26

Table legend:
 A = Non-vault XP
 B = Vault XP
 C = Vault XP percentage of total XP
 D = Non-vault monster count
 E = Vault monster count
 F = Vault count percentage of total count
                 A         B        C        D         E       F
            +---------+---------+-------+---------+---------+-------
      Total |      86 |       0 |   0.0 |      30 |       0 |   0.0
            +---------+---------+-------+---------+---------+-------
        D:1 |      32 |       0 |   0.0 |      18 |       0 |   0.0
        D:2 |      54 |       0 |   0.0 |      12 |       0 |   0.0
            +---------+---------+-------+---------+---------+-------
